 Dungeon Sprint DCSS version 0.17-a0-2093-gc772f4b (webtiles) character file.

1300000 Ordine the Conqueror (level 15, -54/190 HPs)
             Began as a Deep Dwarf Warper on Oct 16, 2015.
             Annihilated by a meat berserker
             ... wielding a +9 battleaxe
              (72 damage)
             ... in the Dungeon (Sprint VIII: "Arena of Blood").
             The game lasted 00:02:43 (13 turns).

Ordine the Conqueror (Deep Dwarf Warper)              Turns: 13, Time: 00:02:43

Health: -54/190    AC:  3    Str: 17    XL:     15   Next: 22%
Magic:  17/17      EV: 21    Int: 13    God:
Gold:   0          SH:  0    Dex: 17    Spells: 1 memorised, 16 levels left

rFire  . . .     SeeInvis .     l - +∞ Axe of Woe
rCold  . . .     Clarity  .     a - +0 leather armour
rNeg   + . .     SustAt   .     (no shield)
rPois  .         Gourm    .     (no helmet)
rElec  .         Spirit   .     (no cloak)
rCorr  .         Warding  .     (no gloves)
rMut   .         NoTele   +     (no boots)
MR     ++...                    (no amulet)
Stlth  +.........               (no ring)
                                (no ring)

@: non-regenerating, very resistant to hostile enchantments, very unstealthy
A: damage resistance, recharge devices, negative energy resistance 1, sense
surroundings 2, slow regeneration 3
a: Device Recharging


You were in the Dungeon.
You were not hungry.

You visited 1 branch

Inventory:

Hand Weapons
 l - the +∞ Axe of Woe (weapon)
   (You found it in the Dungeon)
Missiles
 d - 5 tomahawks of dispersal (quivered)
Armour
 a - a +0 leather armour (worn)
Wands
 e - a wand of heal wounds (5)
Scrolls
 c - 2 scrolls of blinking
Potions
 g - a potion of curing
 h - a potion of heal wounds
 i - a potion of haste
 j - 2 potions of magic
 k - a potion of berserk rage
Books
 b - a book of Spatial Translocations

   Spells                             Type                      Level
   a - Apportation                    Translocation                1
   b - Blink                          Translocation                2
   c - Shroud of Golubria             Charms/Translocation         2
   d - Portal Projectile              Translocation                3
   e - Teleport Other                 Translocation                3
   f - Passage of Golubria            Translocation                4
Comestibles
 f - a bread ration


   Skills:
 O Level 27 Fighting
 O Level 27 Axes
 - Level 0.8 Throwing
 - Level 1.1 Armour
 + Level 13.0 Dodging
 - Level 1.7 Unarmed Combat
 - Level 1.7 Spellcasting
 - Level 3.2 Translocations


You had 16 spell levels left.
You knew the following spells:

 Your Spells              Type           Power        Failure   Level  Hunger
a - Apportation           Tloc           #.........   10%         1    ##.....


Dungeon Overview and Level Annotations

Branches:
Dungeon (1/1)

Altars:
Makhleb


Innate Abilities, Weirdness & Mutations

You are resistant to damage.
You can recharge devices by infusing magical energy.
You resist negative energy.
You passively map the area around you.
You do not regenerate naturally.


Message History

A bag of meat comes into view. It is wielding a +9 war axe.
You hear a shout! 2 orcs and a hill giant come into view.
Unknown command.
Unknown command.
This spell is very dangerous to cast!
Memorise Passage of Golubria, consuming 4 spell levels and leaving 12?
The bag of meat shouts!
The large bag of meat shouts!
The bag of meat shouts!
You hear a shout!
The meat berserker appears out of thin air!
You hear a shout!
You start memorising the spell.
You continue memorising.
The bag of meat shouts! x2
The meat berserker rages.
You hear a shout!
The bag of meat hits you with a +9 war axe!!
Your memorisation is interrupted.
* * * LOW HITPOINT WARNING * * *
The meat berserker hits you with a +9 battleaxe!!!!
You die...

, ,.. ..... , , , , ,
, , ,#. .....#
,....... , , ,
#.......# ....... ** ,
.###..,....###.......,
,
......###........oo..
* *
......_.....o....o.. ,
#.....#.......#O# , ,
, , ,
#_.<._#.)........ ,
,.#.....#.o@...#. * ,
......_....o.O......,,
......###....o....#.#
, ,
,.###.......###.......
,, , , #.......#
,......o #.......#,
......., , .........
..C..o. , ,.....o.O.,
.#...#o , * .........,
,


You could see a large bag of meat (inner flame), 2 meat berserkers and 11 bags
of meat.

Vanquished Creatures
  2 ogres (D)
  2 orcs (D)
4 creatures vanquished.

Notes
Turn   | Place    | Note
--------------------------------------------------------------
     0 | D        | Ordine the Deep Dwarf Warper began the quest for the Orb.
     0 | D        | Reached XP level 1. HP: 19/19 MP: 3/3
     3 | D        | Noticed a bag of meat
     3 | D        | Noticed a bag of meat
     3 | D        | Noticed a bag of meat
     4 | D        | Noticed a bag of meat
     5 | D        | Noticed a meat berserker
     7 | D        | Noticed a meat berserker
     9 | D        | Killed a meat berserker
     9 | D        | Reached skill level 27 in Fighting
     9 | D        | Reached XP level 2. HP: 21/75 MP: 4/4
     9 | D        | Reached XP level 3. HP: 23/84 MP: 5/5
     9 | D        | Reached XP level 4. HP: 25/93 MP: 6/6
     9 | D        | Reached XP level 5. HP: 27/102 MP: 7/7
     9 | D        | Reached XP level 6. HP: 29/111 MP: 8/8
     9 | D        | Reached XP level 7. HP: 31/120 MP: 9/9
     9 | D        | Reached XP level 8. HP: 33/129 MP: 10/10
     9 | D        | Gained mutation: You passively map the area around you. [Deep Dwarf growth]
     9 | D        | Reached XP level 9. HP: 35/138 MP: 11/11
     9 | D        | Reached XP level 10. HP: 37/147 MP: 12/12
     9 | D        | Reached XP level 11. HP: 39/156 MP: 13/13
     9 | D        | Reached XP level 12. HP: 41/165 MP: 14/14
     9 | D        | Reached XP level 13. HP: 43/174 MP: 15/15
    10 | D        | Noticed a bag of meat
    10 | D        | Noticed a meat berserker
    10 | D        | Killed a bag of meat
    10 | D        | Killed a bag of meat
    10 | D        | Gained mutation: You resist negative energy. [Deep Dwarf growth]
    10 | D        | Reached XP level 14. HP: 45/183 MP: 16/16
    11 | D        | Noticed a bag of meat
    11 | D        | Noticed a bag of meat
    11 | D        | Killed a meat berserker
    11 | D        | Reached skill level 27 in Axes
    11 | D        | Reached XP level 15. HP: 46/190 MP: 17/17
    12 | D        | Noticed a bag of meat
    12 | D        | Noticed a bag of meat
    12 | D        | Noticed a large bag of meat
    12 | D        | Noticed a bag of meat
    13 | D        | Noticed a meat berserker
    13 | D        | Noticed a meat berserker
    13 | D        | Noticed a bag of meat
    13 | D        | Noticed a bag of meat
    13 | D        | Noticed a bag of meat
    13 | D        | Annihilated by a meat berserker

Vault maps used:
D:        meatsprint

Action                   |  1- 3 |  4- 6 |  7- 9 | 10-12 | 13-15 || total
-------------------------+-------+-------+-------+-------+-------++-------
Melee: Executioner's axe |     1 |       |       |       |       ||     1
